 Dungeon Crawl Stone Soup version 0.28.0-53-g5a82cb258f (webtiles) character file.

Game seed: 13886751747879439168

12957 Peloso the Carver (level 11, -3/101 HPs)
             Began as a Minotaur Fighter on May 21, 2022.
             Was an Elder of Okawaru.
             Slain by a manticore (16 damage)
             ... on level 12 of the Dungeon.
             The game lasted 00:26:37 (18632 turns).

Peloso the Carver (Minotaur Fighter)               Turns: 18632, Time: 00:26:38

Health: -3/101     AC: 12    Str: 24    XL:     11   Next: 69%
Magic:  9/11       EV: 14    Int:  5    God:    Okawaru [****..]
Gold:   1136       SH:  0    Dex: 11    Spells: 10/10 levels left

rFire   . . .      SeeInvis .   a - +0 long sword
rCold   . . .      Faith    .   (no shield)
rNeg    . . .      Spirit   .   b - +2 scale mail {Will+}
rPois   .          Reflect  .   (helmet restricted)
rElec   .          Harm     .   (no cloak)
rCorr   +          Rampage  .   (no gloves)
Will    +....                   (no boots)
Stlth   ++........              (no amulet)
HPRegen 0.26/turn               j - ring of resist corrosion
MPRegen 0.12/turn               m - +4 ring of slaying

@: heroic, spiked
A: horns 2, retaliatory headbutt
a: Renounce Religion, Heroism, Finesse


You were on level 12 of the Dungeon.
You worshipped Okawaru.
Okawaru was greatly pleased with you.
You visited 3 branches of the dungeon, and saw 14 of its levels.
You also visited: Ossuary.

You collected 1136 gold pieces.

Inventory:

Hand Weapons
 a - a +0 long sword (weapon)
 c - the +10 mace "Bab Cum" {elec, Str+3 Dex+3}
   (You found it on level 9 of the Dungeon)

   It occasionally discharges a powerful burst of electricity upon striking a
   foe.
   Str:       It affects your strength (+3).
   Dex:       It affects your dexterity (+3).
Missiles
 p - 2 throwing nets (quivered)
Armour
 b - a +2 scale mail of willpower (worn)
 e - a +0 buckler
 l - a +0 cloak
Jewellery
 j - a ring of resist corrosion (left hand)
 k - a ring of positive energy
 m - a +4 ring of slaying (right hand)
 x - an amulet of guardian spirit
Scrolls
 g - a scroll of teleportation
 h - a scroll of holy word
 o - a scroll of amnesia
 q - a scroll of brand weapon
 r - a scroll of torment {unknown}
 t - a scroll of fog
 z - a scroll of immolation {unknown}
Potions
 d - 3 potions of might
 f - 2 potions of brilliance
 i - 2 potions of haste
 n - a potion of cancellation {unknown}
 s - 2 potions of curing
 u - a potion of resistance {unknown}
 v - 2 potions of mutation {unknown}
 w - a potion of magic {unknown}
Miscellaneous
 y - a tin of tremorstones (2/2)


   Skills:
 + Level 10.8(15.8) Fighting
 + Level 13.3(18.3) Long Blades
 + Level 0.2(5.2) Throwing
 + Level 11.4(16.4) Armour
 + Level 6.5(11.5) Dodging
 + Level 3.1(8.1) Stealth
 + Level 7.0(12.0) Shields
 + Level 2.5 Invocations


You had 10 spell levels left.
You didn't know any spells.
Your spell library contained the following spells:

 Spells                   Type           Power      Damage    Failure   Level
 Corpse Rot               Necr/Air       0%         N/A       82%         2
 Ensorcelled Hibernation  Hex/Ice        0%         N/A       82%         2
 Sublimation of Blood     Necr           0%         N/A       82%         2
 Wereblood                Tmut           0%         N/A       82%         2
 Conjure Flame            Conj/Fire      0%         6-21      96%         3
 Ignite Poison            Fire/Tmut/Pois 0%         N/A       96%         3
 Spider Form              Tmut/Pois      0%         N/A       96%         3
 Anguish                  Hex/Necr       0%         N/A       100%        4
 Dispel Undead            Necr           0%         3d6       100%        4
 Passage of Golubria      Tloc           0%         N/A       100%        4
 Sticky Flame             Conj/Fire      0%         2d3       100%        4
 Yara's Violent Unravell  Hex/Tmut       0%         3d3       100%        5
 Tukima's Dance           Hex            Unusable   N/A       N/A         3
 Death Channel            Necr           Unusable   N/A       N/A         6
 Summon Hydra             Summ           Unusable   N/A       N/A         7

Dungeon Overview and Level Annotations

Branches:
Dungeon (12/15)            Temple (1/1) D:5            Lair (1/6) D:9
    Orc (0/2) D:12        Ossuary (visited)

Altars:
Ashenzari
Cheibriados
Dithmenos
Elyvilon
Fedhas
Gozag
Hepliaklqana
Kikubaaqudgha
Makhleb
Nemelex Xobeh
Okawaru
Qazlal
Ru
Sif Muna
Trog
Uskayaw
Vehumet
Wu Jian
Xom
Yredelemnul
Zin
The Shining One

Shops:
D:3 *   D:7 [   D:8 [   D:9 *


Innate Abilities, Weirdness & Mutations

You have a pair of horns on your head.
You reflexively headbutt those who attack you in melee.


Message History

Okay, then.
The manticore flicks its tail.
The volley of spikes hits you!
The barbed spikes become lodged in your body.
The manticore flicks its tail.
The volley of spikes hits you.
The barbed spikes become lodged in your body.
The manticore flicks its tail.
The volley of spikes hits you!
The barbed spikes become lodged in your body.
The manticore flicks its tail.
The volley of spikes hits you!
The barbed spikes become lodged in your body.
Okay, then.
The manticore flicks its tail.
The volley of spikes hits you!
The barbed spikes become lodged in your body.
The manticore flicks its tail.
The volley of spikes hits you!
The barbed spikes become lodged in your body.
You gain the combat prowess of a mighty hero.
The manticore flicks its tail.
The volley of spikes hits you.
The barbed spikes become lodged in your body.
* * * LOW HITPOINT WARNING * * *
You slash the manticore!
The manticore is lightly wounded.
The manticore closely misses you. The manticore barely misses you.
The manticore claws you!
* * * LOW HITPOINT WARNING * * *
You barely miss the manticore. You headbutt the manticore.
You punch the manticore!
The manticore is heavily wounded.
You hit the manticore.
The manticore is heavily wounded.
The manticore completely misses you. The manticore claws you!
* * * LOW HITPOINT WARNING * * *
The manticore claws you but does no damage.
It was a potion of curing.
You feel better. The manticore bites you!
You die...

.....#
##<.#
.##..#
##.#
####.##
#.#
.##...#
#.#
......#
#.#
.8....##
#.#
......>#
#.#
.8....##
#.#
......#
#@#
.##...#
#....H..#
####)##
#.......#
.##..#
#.......#
.....#
#.......#
....##
+.......#
....#
#.......#
...##
###+#####
..##


You could see a manticore.

Vanquished Creatures
  Harold (D:9)
  4 two-headed ogres
  An ugly thing (D:12)
  A cyclops (D:12)
  A gargoyle (D:12)
  A cane toad (Lair:1)
  A yaktaur (D:8)
  A komodo dragon (D:9)
  2 trolls (D:8)
  Prince Ribbit (D:8)
  Sigmund (D:4)
  A wyvern (D:8)
  A yak (D:10)
  3 steam dragons
  2 acid dragons
  2 orc warriors (D:8)
  A water moccasin (D:9)
  2 sky beasts
  2 ice beasts (D:7)
  3 black bears (D:9)
  2 necrophages
  3 ogres
  8 centaurs
  4 kobold brigands
  5 bullfrogs
  3 scorpions
  11 wights
  7 killer bees
  5 electric eels (D:6)
  7 howler monkeys
  3 bullfrog zombies
  8 centaur zombies
  3 hounds
  A human zombie (Ossuary)
  2 gnoll shamans
  A centaur skeleton (D:6)
  4 orc priests
  Terence (D:3)
  4 iguanas
  6 orc wizards
  A killer bee zombie (D:8)
  2 mummies (Ossuary)
  12 gnolls
  8 adders
  2 shadow imps
  A white imp (D:7)
  An ufetubus (D:5)
  An adder skeleton (D:4)
  A worm (D:4)
  2 dart slugs
  26 orcs
  7 ball pythons
  3 bats (D:1)
  10 endoplasms
  4 giant cockroaches
  2 goblins (D:1)
  3 hobgoblins
  4 quokkas
  2 frilled lizards
  4 gnoll zombies (Ossuary)
  3 goblin zombies (Ossuary)
  4 hobgoblin zombies (Ossuary)
  23 kobolds
  2 orc zombies (Ossuary)
  5 rats
253 creatures vanquished.

Vanquished Creatures (others)
  An unseen horror (D:11)
  52 fungi
  51 plants
104 creatures vanquished.

Grand Total: 357 creatures vanquished

Notes
Turn   | Place    | Note
-------+----------+-------------------------------------------
     0 | D:1      | Peloso the Minotaur Fighter began the quest for the Orb.
     0 | D:1      | Reached XP level 1. HP: 19/19 MP: 0/0
    41 | D:1      | Found a faded altar of an unknown god.
   297 | D:1      | Reached XP level 2. HP: 23/27 MP: 1/1
   721 | D:1      | Reached XP level 3. HP: 20/33 MP: 2/2
  1152 | D:2      | Reached skill level 3 in Long Blades
  1807 | D:1      | Reached XP level 4. HP: 21/40 MP: 3/3
  2343 | D:2      | You fall into a shaft and drop 1 floor!
  2343 | D:3      | Found Icucve's General Store.
  2485 | D:3      | Noticed Terence
  2495 | D:3      | Killed Terence
  2503 | D:3      | HP: 2/41 [poisoned by Terence]
  2878 | D:3      | Reached XP level 5. HP: 46/47 MP: 4/4
  3905 | D:4      | Reached skill level 4 in Long Blades
  3905 | D:4      | Reached skill level 5 in Armour
  4113 | D:4      | Noticed Sigmund
  4120 | D:4      | Killed Sigmund
  4121 | D:4      | Reached skill level 5 in Fighting
  4121 | D:4      | Reached skill level 5 in Long Blades
  4121 | D:4      | Reached XP level 6. HP: 40/56 MP: 5/5
  4375 | D:4      | Reached skill level 1 in Dodging
  4647 | D:5      | Entered Level 5 of the Dungeon
  5027 | D:5      | Reached XP level 7. HP: 43/62 MP: 6/6
  5095 | D:5      | Reached skill level 6 in Long Blades
  5429 | D:5      | Found a staircase to the Ecumenical Temple.
  5438 | Temple   | Entered the Ecumenical Temple
  5455 | Temple   | Became a worshipper of Warmaster Okawaru
  5812 | D:5      | Found a white marble altar of Elyvilon.
  6119 | D:7      | Reached skill level 7 in Long Blades
  6134 | D:7      | Reached skill level 1 in Stealth
  6134 | D:7      | Reached XP level 8. HP: 42/71 MP: 7/7
  6164 | D:7      | Reached * piety under Okawaru
  6185 | D:7      | Found a sand-covered staircase.
  6189 | Ossuary  | Entered an ossuary
  6602 | D:7      | Reached skill level 5 in Shields
  6784 | D:7      | Reached skill level 8 in Long Blades
  6841 | D:7      | Found Haomuoci's Armour Emporium.
  7256 | D:7      | Found a blossoming altar of Fedhas.
  7934 | D:6      | Reached skill level 9 in Long Blades
  8694 | D:8      | Noticed Prince Ribbit
  8714 | D:8      | Killed Prince Ribbit
  8715 | D:8      | Reached XP level 9. HP: 59/79 MP: 8/8
  9024 | D:8      | Reached ** piety under Okawaru
  9075 | D:8      | Noticed a yaktaur
  9084 | D:8      | Reached skill level 1 in Invocations
  9094 | D:8      | Killed a yaktaur
  9317 | D:8      | Noticed a troll
  9317 | D:8      | Noticed a troll
  9322 | D:8      | Killed a troll
  9338 | D:8      | Killed a troll
  9339 | D:8      | Reached skill level 10 in Long Blades
  9715 | D:8      | Found a broken altar of Ashenzari.
 10186 | D:8      | Reached *** piety under Okawaru
 10859 | D:8      | Found Tuicy's Armour Shoppe.
 10895 | D:8      | Reached XP level 10. HP: 59/89 MP: 10/10
 11276 | D:9      | Found a staircase to the Lair.
 11365 | D:9      | Noticed Harold
 11381 | D:8      | Reached skill level 11 in Long Blades
 11737 | D:9      | Killed Harold
 12676 | D:9      | Found Feifacli's General Store.
 12870 | D:9      | Identified the +10 mace "Bab Cum" {elec, Str+3 Dex+3}
 12921 | D:10     | Entered Level 10 of the Dungeon
 12984 | D:10     | Noticed an eight-headed hydra
 13069 | D:10     | Noticed a two-headed ogre
 13080 | D:10     | Killed a two-headed ogre
 13081 | D:10     | Reached skill level 10 in Armour
 13326 | D:10     | Reached skill level 12 in Long Blades
 13445 | D:10     | Found a glowing golden altar of the Shining One.
 13447 | D:10     | Noticed an angel
 13514 | D:10     | Found a basalt altar of Yredelemnul.
 13516 | D:10     | Noticed a profane servitor
 13757 | D:10     | Noticed a two-headed ogre
 13869 | D:10     | Reached skill level 5 in Dodging
 13874 | D:10     | HP: 1/93 [two-headed ogre/+0 giant spiked club (26)]
 13877 | D:10     | Killed a two-headed ogre
 13877 | D:10     | Reached **** piety under Okawaru
 13878 | D:10     | Reached skill level 10 in Fighting
 13878 | D:10     | Reached XP level 11. HP: 11/99 MP: 9/11
 13958 | D:10     | Noticed a two-headed ogre
 14553 | D:10     | Found a bloodstained altar of Trog.
 15059 | D:10     | Killed a two-headed ogre
 16691 | Lair:1   | Entered Level 1 of the Lair of Beasts
 16870 | Lair:1   | Noticed a five-headed hydra
 18128 | D:12     | Noticed a purple ugly thing
 18143 | D:12     | Killed a purple ugly thing
 18144 | D:12     | Reached skill level 13 in Long Blades
 18205 | D:12     | Found a staircase to the Orcish Mines.
 18206 | D:12     | Noticed a two-headed ogre
 18213 | D:12     | Killed a two-headed ogre
 18632 | D:12     | Slain by a manticore

Illustrated notes

Levels and vault maps discovered:
D:1:      giann_wishing_wells, layout_basic, dreamdust_ecumenical_altar_statues
D:2:      layout_basic, serial_glass, glass_columns_c, glass_columns_b,
          glass_columns_a, glass_columns_c, glass_columns_a, glass_columns_a,
          glass_columns_a, glass_columns_c, glass_columns_a, glass_columns_a,
          dk_noncrumbling_3, minmay_misc_feat_pillars
D:3:      layout_loops_ring, serial_shops, nicolae_diamond_shop, uniq_terence
D:4:      layout_loops_ring, chequers_decorated_corner, minmay_misc_feat_room,
          uniq_sigmund
D:5:      layout_basic, mainiacjoe_overflow_tiny_flanked, temple_hall,
          minmay_misc_feat_tiny, hangedman_abyss_or_decor_stabs
D:6:      wad_lake_hut, layout_gridville, nicolae_zen_rock_garden
D:7:      layout_rooms, mainiacjoe_overflow_alcove_1, serial_shops, shop,
          lightli_ossuary_entry_decrepit_ruins, nicolae_elevator_lobby_plus
D:8:      nzn_winding_woodlands_small [nzn_winding_woodlands_5x15_eye,
          nzn_winding_woodlands_center_lodge,
          nzn_winding_woodlands_5x15_jagged], layout_layer_cave,
          evilmike_ruin_ashenzari, serial_shops, shop,
          chequers_serial_rivers_room_a, due_unseen_surprise,
          uniq_prince_ribbit1
D:9:      layout_rooms, due_lair_maze_entry_diamond, serial_shops,
          nicolae_shop_statue_plus, uniq_harold
D:10:     layout_stronghold, grunt_temple_overflow_holy_war, trog_antimagical,
          kennysheep_opposing_triangles
D:11:     layout_roguey, kennysheep_generic_room_6
D:12:     layout_roguey, david_orc_1_choice
Temple:   lightli_temple_of_artemis
Lair:1:   layout_layer_cave

Skill      XL: |  1  2  3  4  5  6  7  8  9 10 11 |
---------------+----------------------------------+-----
Shields        | 4 5 6 7 |  7.0
Fighting       | 4 5 6 7 8 10 | 10.8
Armour         | 4 5 6 7 9 10 11 | 11.4
Long Blades    | 3 5 7 9 10 12 13 | 13.3
Dodging        | 1 2 3 5 6 |  6.5
Stealth        | 1 2 3 |  3.1
Invocations    | 1 2 |  2.5
Throwing       | |  0.2

Action                   |  1- 3 |  4- 6 |  7- 9 | 10-12 || total
-------------------------+-------+-------+-------+-------++-------
Melee: Long sword        |    94 |   119 |   325 |   308 ||   846
       Headbutt          |    11 |    16 |    70 |    77 ||   174
       Punch             |       |       |       |     4 ||     4
Throw: Throwing net      |       |       |       |     3 ||     3
Invok: Heroism           |       |       |     4 |    17 ||    21
  Use: Potion            |     1 |       |     1 |     2 ||     4
       Scroll            |       |       |    12 |     6 ||    18
 Stab: Distracted        |       |       |       |     1 ||     1
Armor: Scale mail        |    57 |    38 |   133 |   144 ||   372
Dodge: Dodged            |    40 |    48 |   155 |   194 ||   437
Block: Buckler           |    24 |    31 |    81 |    29 ||   165
